 Dungeon Sprint DCSS version 0.23.0-3-gf3c87f2 (webtiles) character file.

Game seed: 15987814499617221444

42957 nuthulu the Brawler (level 23, -13/236 HPs)
             Began as a Troll Berserker on Feb 24, 2019.
             Was the Champion of Trog.
             Mangled by a reaper
             ... wielding a +2 scythe of protection
              (34 damage)
             ... in the Dungeon (Sprint VI: "Thunderdome").
             The game lasted 00:25:25 (3273 turns).

nuthulu the Brawler (Troll Berserker)               Turns: 3273, Time: 00:25:26

Health: -13/236    AC: 25    Str: 42    XL:     23   Next: 73%
Magic:  1/22       EV: 13    Int:  6    God:    Trog [******]
Gold:   4929       SH: 18    Dex: 12    Spells: 22/22 levels left

rFire    + + .     SeeInvis .     - Unarmed
rCold    + . .     Gourm    +   t - +3 shield of the Bulwark {MR+ Int+3}
rNeg     + + +     Faith    .   c - +0 gold dragon scales
rPois    +         Spirit   .   s - +0 hat "Ranaczi" {rC+ rN+ rCorr Dex-3}
rElec    .         Reflect  .   q - +0 cloak of Maseitu {MR+ Str+4} (curse)
rCorr    +         Harm     .   (gloves unavailable)
MR       +++++     NoTele   +   (boots unavailable)
Stlth    ..........             n - amulet "Norear" {+Rage Dex+6}
HPRegen  1.89/turn              v - ring of the Heron {rCorr rPois rC- rN+++ Stlth+}
MPRegen  0.18/turn              m - ring of Zonuan {Wiz rF+ MR+}

@: regenerating, hasted, very quick
A: large, unfitting armour, claws 3, fast metabolism 3, gourmand, regeneration
1, shaggy fur 1, tough skin 3
}: 4/15 runes: decaying, slimy, gossamer, mossy
a: Berserk, Trog's Hand, Brothers in Arms, Renounce Religion, Evoke Berserk Rage


You were in the Dungeon.
You worshipped Trog.
Trog was exalted by your worship.
You were not hungry.

You visited 1 branch You collected 10600 gold pieces.
You spent 5671 gold pieces at shops.

Inventory:

Missiles
 b - 18 large rocks (quivered)
Armour
 c - +0 gold dragon scales (worn)
 q - the cursed +0 cloak of Maseitu (worn) {MR+ Str+4}
   (You bought it in a shop in the Dungeon)

   It affects your strength (+4).
   It affects your resistance to hostile enchantments.
   It has a curse placed upon it.
 s - the +0 hat "Ranaczi" (worn) {rC+ rN+ rCorr Dex-3}
   (You found it in the Dungeon)

   It affects your dexterity (-3).
   It protects you from cold.
   It protects you from negative energy.
   It provides partial protection from all sources of acid and corrosion.
 t - the +3 shield of the Bulwark (worn) {MR+ Int+3}
   (You bought it in a shop in the Dungeon)

   It affects your intelligence (+3).
   It affects your resistance to hostile enchantments.
Jewellery
 m - the ring of Zonuan (right claw) {Wiz rF+ MR+}
   (You bought it in a shop in the Dungeon)

   [ring of wizardry]

   It improves your spell success rate.
   It protects you from fire.
   It affects your resistance to hostile enchantments.
 n - the amulet "Norear" (around neck) {+Rage Dex+6}
   (You bought it in a shop in the Dungeon)

   [amulet of rage]

   It affects your dexterity (+6).
   It lets you go berserk.
 o - the ring "Lebialic" {rCorr rN+ Int-3 Dex+5 Stlth+}
   (You bought it in a shop in the Dungeon)

   [ring of resist corrosion]

   It affects your intelligence (-3).
   It affects your dexterity (+5).
   It protects you from negative energy.
   It makes you more stealthy.
 p - the ring "Wytoor" {MP+9 Int+4 Dex+4}
   (You bought it in a shop in the Dungeon)

   [ring of dexterity]

   It affects your intelligence (+4).
   It affects your dexterity (+4).
   It affects your magic capacity (+9).
 r - the amulet of Bixt {+Rage rElec rPois rC+ Int-4}
   (You bought it in a shop in the Dungeon)

   [amulet of rage]

   It affects your intelligence (-4).
   It protects you from cold.
   It insulates you from electricity.
   It protects you from poison.
   It lets you go berserk.
 v - the ring of the Heron (left claw) {rCorr rPois rC- rN+++ Stlth+}
   (You bought it in a shop in the Dungeon)

   [ring of resist corrosion]

   It makes you vulnerable to cold.
   It protects you from poison.
   It renders you almost immune to negative energy.
   It makes you more stealthy.
Wands
 i - a wand of acid (2)
 j - a wand of iceblast (1)
 y - a wand of clouds (6)
Scrolls
 h - 4 scrolls of blinking
 k - 3 scrolls of fog
 x - 2 scrolls of identify
Potions
 d - 4 potions of heal wounds
 e - 3 potions of haste
 f - 2 potions of magic
 g - a potion of berserk rage
 l - a potion of resistance
Miscellaneous
 w - a lightning rod (4/4)
Comestibles
 a - 10 rations


   Skills:
 + Level 15.5 Fighting
 + Level 15.0 Throwing
 + Level 15.0 Armour
 + Level 15.5 Dodging
 + Level 14.7 Shields
 + Level 18.0 Unarmed Combat


You had 22 spell levels left.
You didn't know any spells.
Your spell library was empty.

Dungeon Overview and Level Annotations

Branches:
Dungeon (1/1)

Altars:
Cheibriados
Dithmenos
Fedhas
Gozag
Kikubaaqudgha
Makhleb
Okawaru
Qazlal
Ru
Sif Muna
Trog
Uskayaw
Vehumet
Wu Jian
Xom
Yredelemnul
Zin
The Shining One
Beogh
Jiyva
Lugonu

Shops:
D *[%??*?*:[((!!!!


Innate Abilities, Weirdness & Mutations

You are too large for most types of armour.
You have claws for hands.
Your metabolism is lightning-fast.
You like to eat raw meat.
Your natural rate of healing is unusually fast.
You are covered in fur. (AC +1)
You have extremely tough skin. (AC +3)


Message History

Press: ? - help, Shift-Dir - straight line, f/p - reaper
Aim: a reaper, wielding a +2 scythe of protection You throw a large rock.
The large rock hits the reaper!!
The reaper is moderately wounded.
Something hits you.
* * * LOW HITPOINT WARNING * * *
The reaper hits you from afar with a +2 scythe of protection!!
* * * LOW HITPOINT WARNING * * *
Something hits you!!
* * * LOW HITPOINT WARNING * * *
Unknown command.
You feel much better. You block the reaper's attack.
You block something's attack.
You feel yourself speed up. Something hits you!
* * * LOW HITPOINT WARNING * * *
Unknown command.
Okay, then.
Okay, then.
The reaper hits you with a +2 scythe of protection!!
You die...

#_......._# #_......._#
###.........###
#⌠...........⌠#
######.8.).......8.###
##∩___...=.[###......_.
###∩...).)((8)# #.8).....
##..........)).###........
#⌠....)..@..###[).###....)
#⌠........2(# #(<.# #.....
#⌠....()(..†###..)###.....
##....()((.....###........
###∩.((...(.8.# #.8......
##∩___.(([..###......__
######.8(........8.###
#)...)().....⌠#
###.)..)....###


You could see a reaper.

Vanquished Creatures
  Nellie (D)
  2 titans (D)
  2 storm dragons (D)
  6 stone giants (D)
  2 reapers (D)
  A very ugly thing (D)
  An eidolon (D)
  A jumping spider (D)
  A wizard (D)
  2 centaur warriors (D)
  3 spriggan air magi (D)
  A hell hog (D)
  3 soul eaters (D)
  A hell knight (D)
  2 sun demons (D)
  A fire crab (shapeshifter) (D)
  A death drake (shapeshifter) (D)
  A harpy (shapeshifter) (D)
  A phantasmal warrior (D)
  19 ugly things (D)
  5 orb spiders (D)
  8 moths of wrath (D)
  A moth of wrath (shapeshifter) (D)
  A rust devil (D)
  2 orange demons (D)
  A rime drake (D)
  2 yaktaurs (shapeshifter) (D)
  A demonic crawler (D)
  A red devil (D)
  A hellwing (D)
  An ice devil (D)
  2 wind drakes (D)
  2 meliai (shapeshifter) (D)
  A wind drake (shapeshifter) (D)
  2 raiju (shapeshifter) (D)
  A hornet (shapeshifter) (D)
  8 air elementals (D)
  2 ynoxinuls (D)
  A water elemental (D)
  4 wraiths (D)
  A yak (shapeshifter) (D)
  A tarantella (shapeshifter) (D)
  A golden eye (D)
  A fire bat (shapeshifter) (D)
  3 insubstantial wisps (D)
  4 floating eyes (D)
  2 porcupines (D)
  Purgy (D)
  A sky beast (shapeshifter) (D)
  3 sky beasts (D)
  A black bear (shapeshifter) (D)
  2 ice beasts (D)
  An eye of draining (shapeshifter) (D)
  A tengu (shapeshifter) (D)
  7 centaurs (D)
  4 jellies (D)
  2 hell rats (D)
  5 worker ants (D)
  An adder simulacrum (D)
  6 kobolds (D)
  A quokka simulacrum (D)
  A rat (D)
149 creatures vanquished.

Vanquished Creatures (collateral kills)
  An acid blob (D)
  Agnes (D)
  An eidolon (D)
  A spriggan berserker (D)
  2 wraiths (D)
6 creatures vanquished.

Vanquished Creatures (others)
  A storm dragon (D)
  An orb spider (D)
2 creatures vanquished.

Grand Total: 157 creatures vanquished

Notes
Turn   | Place    | Note
-------+----------+-------------------------------------------
     0 | D        | nuthulu the Troll Berserker began the quest for the Orb.
     0 | D        | Reached XP level 1. HP: 22/22 MP: 0/0
     1 | D        | Found an ornate altar of the Wu Jian Council.
     1 | D        | Found a glowing golden altar of the Shining One.
     2 | D        | Found a glowing silver altar of Zin.
     2 | D        | Found a viscous altar of Jiyva.
     3 | D        | Found a shimmering altar of Xom.
     3 | D        | Found a stormy altar of Qazlal.
     4 | D        | Found Gasmerei's Identification Station.
     4 | D        | Found a blossoming altar of Fedhas.
     4 | D        | Found an opulent altar of Gozag.
     4 | D        | Found Onuuloil's Delicious Food.
     5 | D        | Found Diyraisk's Advanced Armour.
     5 | D        | Found Edgheb's Jewellery.
     5 | D        | Round 1.
     7 | D        | Noticed a worker ant
     8 | D        | Found a hide-covered altar of Uskayaw.
    16 | D        | Killed a worker ant
    16 | D        | Reached skill level 4 in Unarmed Combat
    16 | D        | Reached XP level 2. HP: 7/31 MP: 1/1
    28 | D        | Bought a heavily runed golden ring for 45 gold pieces
    28 | D        | Bought a fine iron amulet for 45 gold pieces
    28 | D        | Bought a clouded lapis lazuli ring for 45 gold pieces
    28 | D        | Lost intelligence.
    28 | D        | Identified the ring "Lebialic" {rCorr rN+ Int-3 Dex+5
                  | Stlth+} (You bought it in a shop in the Dungeon)
    33 | D        | Identified the ring of Zonuan {Wiz rF+ MR+} (You bought it
                  | in a shop in the Dungeon)
    34 | D        | Identified the amulet "Norear" {+Rage Dex+6} (You bought it
                  | in a shop in the Dungeon)
    38 | D        | Bought a steaming jade ring for 45 gold pieces
    38 | D        | Identified the ring "Bafetuy" {*Corrode MP+9 Str+5} (You
                  | bought it in a shop in the Dungeon)
    40 | D        | Reached XP level 3. HP: 23/39 MP: 1/2
    61 | D        | Reached ** piety under Trog
    61 | D        | Reached skill level 5 in Unarmed Combat
    61 | D        | Reached XP level 4. HP: 44/49 MP: 3/3
    76 | D        | Found a corrupted altar of Lugonu.
    78 | D        | Reached skill level 1 in Armour
    79 | D        | Found a shadowy altar of Dithmenos.
    79 | D        | Found Lisku's Magic Scroll Shop.
    79 | D        | Found Imiyrip's Magic Scroll Shop.
    80 | D        | Found Nompoelo's Must-Have Magic.
    81 | D        | Found a burning altar of Makhleb.
    81 | D        | Found a deep blue altar of Sif Muna.
    81 | D        | Found a sacrificial altar of Ru.
    81 | D        | Found Yhogo's Staff Store.
    98 | D        | Arena points: 12 (+12) [x2]
    98 | D        | Reached skill level 5 in Fighting
    98 | D        | Reached skill level 6 in Unarmed Combat
   160 | D        | Round 2.
   166 | D        | Reached skill level 5 in Dodging
   166 | D        | Reached XP level 5. HP: 40/57 MP: 4/4
   173 | D        | Noticed a porcupine
   181 | D        | Killed a porcupine
   181 | D        | Reached skill level 7 in Unarmed Combat
   201 | D        | Found a snail-covered altar of Cheibriados.
   202 | D        | Found Uthex's Premium Goods.
   204 | D        | Found an ancient bone altar of Kikubaaqudgha.
   204 | D        | Found a roughly hewn altar of Beogh.
   204 | D        | Found Uciqienn's Weapon Rack.
   204 | D        | Found Ygromeg's Miscellaneous Merchandise.
   204 | D        | Found Mahiomn's Basic Armour.
   208 | D        | Found a bloodstained altar of Trog.
   209 | D        | Found an iron altar of Okawaru.
   210 | D        | Found a basalt altar of Yredelemnul.
   211 | D        | Found Ebulel's Do-It-Yourself Clinic.
   213 | D        | Reached *** piety under Trog
   214 | D        | Found Reock's Bottled Wisdom.
   214 | D        | Found Cahawex's Distillery.
   216 | D        | Noticed a porcupine
   217 | D        | Found a radiant altar of Vehumet.
   217 | D        | Found Guywis's Distillery.
   226 | D        | Killed a porcupine
   226 | D        | Reached XP level 6. HP: 57/68 MP: 5/5
   247 | D        | Noticed Purgy
   253 | D        | Killed Purgy
   253 | D        | Reached skill level 8 in Unarmed Combat
   269 | D        | Arena points: 54 (+42) [x3]
   269 | D        | Reached skill level 5 in Armour
   332 | D        | Round 3.
   334 | D        | Noticed an ice beast
   339 | D        | Killed an ice beast
   339 | D        | Reached XP level 7. HP: 78/78 MP: 6/6
   381 | D        | Noticed a water elemental
   391 | D        | Killed a water elemental
   391 | D        | Reached **** piety under Trog
   391 | D        | Reached skill level 9 in Unarmed Combat
   405 | D        | Noticed a rime drake
   413 | D        | Killed a rime drake
   413 | D        | Reached XP level 8. HP: 67/88 MP: 7/7
   462 | D        | Arena points: 138 (+84) [x4]
   532 | D        | Round 4.
   554 | D        | Reached ***** piety under Trog
   611 | D        | Received a gift from Trog
   654 | D        | Arena points: 278 (+140) [x5]
   674 | D        | Bought a polished cloak for 332 gold pieces
   679 | D        | Identified the cursed +0 cloak of Maseitu {MR+ Str+4} (You
                  | bought it in a shop in the Dungeon)
   702 | D        | Round 5.
   706 | D        | Noticed a witch
   719 | D        | Noticed a seven-headed hydra
   721 | D        | Killed a witch
   721 | D        | Arena points: 558 (+280) [x7]
   721 | D        | Reached skill level 10 in Unarmed Combat
   722 | D        | Got an ichor-stained hat
   722 | D        | Got a decaying rune of Zot
   728 | D        | Identified the +0 hat "Ranaczi" {rC+ rN+ rCorr Dex-3} (You
                  | found it in the Dungeon)
   728 | D        | Reached skill level 5 in Shields
   728 | D        | Reached XP level 9. HP: 98/98 MP: 8/8
   733 | D        | Bought a crude shield for 332 gold pieces
   738 | D        | Identified the +3 shield of the Bulwark {MR+ Int+3} (You
                  | bought it in a shop in the Dungeon)
   903 | D        | Round 6.
   912 | D        | Noticed a cyan ugly thing
   922 | D        | Killed a cyan ugly thing
   951 | D        | Noticed a brown ugly thing
   962 | D        | Killed a brown ugly thing
   962 | D        | Reached skill level 11 in Unarmed Combat
   962 | D        | Reached XP level 10. HP: 89/107 MP: 9/9
   966 | D        | Noticed a brown ugly thing
   968 | D        | Noticed a white ugly thing
   979 | D        | Killed a brown ugly thing
   983 | D        | Killed a white ugly thing
   986 | D        | Noticed a green ugly thing
   998 | D        | Killed a green ugly thing
   998 | D        | Received a gift from Trog
   998 | D        | Reached skill level 10 in Fighting
   998 | D        | Reached skill level 10 in Dodging
  1005 | D        | Noticed a brown ugly thing
  1012 | D        | Noticed a green ugly thing
  1015 | D        | Killed a brown ugly thing
  1028 | D        | Killed a green ugly thing
  1028 | D        | Arena points: 942 (+384) [x8]
  1028 | D        | Reached skill level 12 in Unarmed Combat
  1071 | D        | Round 7.
  1086 | D        | Reached skill level 1 in Throwing
  1093 | D        | Noticed a harpy
  1095 | D        | a harpy changed into an eye of draining
  1101 | D        | Received a gift from Trog
  1139 | D        | Reached ****** piety under Trog
  1139 | D        | Arena points: 1509 (+567) [x9]
  1155 | D        | Round 8.
  1162 | D        | Bought 3 potions of heal wounds for 105 gold pieces
  1195 | D        | Noticed an eidolon
  1213 | D        | Killed an eidolon
  1213 | D        | Reached XP level 11. HP: 69/119 MP: 10/10
  1216 | D        | Noticed an eidolon
  1219 | D        | Noticed a phantasmal warrior
  1227 | D        | Killed an eidolon
  1227 | D        | Reached skill level 10 in Armour
  1231 | D        | Killed a phantasmal warrior
  1232 | D        | Received a gift from Trog
  1234 | D        | Arena points: 2309 (+800) [x10]
  1278 | D        | Round 9.
  1284 | D        | Paralysed by a floating eye for 4 turns
  1292 | D        | Bought 2 rations for 40 gold pieces
  1314 | D        | Paralysed by a floating eye for 4 turns
  1319 | D        | Received a gift from Trog
  1331 | D        | Paralysed by a floating eye for 3 turns
  1350 | D        | Paralysed by a floating eye for 2 turns
  1352 | D        | Reached skill level 13 in Unarmed Combat
  1355 | D        | Arena points: 3299 (+990) [x11]
  1378 | D        | Bought +0 gold dragon scales for 960 gold pieces
  1408 | D        | Bought 3 scrolls of identify for 150 gold pieces
  1413 | D        | Round 10.
  1415 | D        | Bought a flickering jade amulet for 45 gold pieces
  1415 | D        | Identified the amulet of Bixt {+Rage rElec rPois rC+ Int-4}
                  | (You bought it in a shop in the Dungeon)
  1424 | D        | Noticed an orb spider
  1457 | D        | Reached skill level 5 in Throwing
  1468 | D        | Killed an orb spider
  1490 | D        | Bought a wavering lead ring for 45 gold pieces
  1490 | D        | Identified the ring "Wytoor" {MP+9 Int+4 Dex+4} (You bought
                  | it in a shop in the Dungeon)
  1497 | D        | Bought a coiled marble ring for 45 gold pieces
  1497 | D        | Identified the ring of the Heron {rCorr rPois rC- rN+++
                  | Stlth+} (You bought it in a shop in the Dungeon)
  1514 | D        | Arena points: 4469 (+1170) [x13]
  1517 | D        | Got a gossamer rune of Zot
  1521 | D        | Reached skill level 10 in Shields
  1521 | D        | Reached XP level 12. HP: 130/130 MP: 11/11
  1709 | D        | Round 11.
  1747 | D        | Received a gift from Trog
  1772 | D        | Received a gift from Trog
  1780 | D        | Arena points: 5393 (+924) [x14]
  1795 | D        | Round 12.
  1810 | D        | Bought 3 potions of heal wounds for 105 gold pieces
  1810 | D        | Bought 3 potions of heal wounds for 105 gold pieces
  1810 | D        | Bought 3 potions of heal wounds for 105 gold pieces
  1840 | D        | Received a gift from Trog
  1871 | D        | Arena points: 7373 (+1980) [x15]
  1886 | D        | Round 13.
  1887 | D        | Noticed a centaur warrior
  1887 | D        | Noticed a centaur warrior
  1894 | D        | Killed a centaur warrior
  1895 | D        | Received a gift from Trog
  1907 | D        | Killed a centaur warrior
  1916 | D        | Received a gift from Trog
  1916 | D        | Arena points: 9453 (+2080) [x16]
  1926 | D        | Bought a blackened large shield for 332 gold pieces
  1928 | D        | Bought 3 scrolls of identify for 150 gold pieces
  1928 | D        | Identified the cursed -8 large shield "Ylock" {rPois rCorr
                  | MP-9} (You bought it in a shop in the Dungeon)
  1972 | D        | Round 14.
  2012 | D        | Reached skill level 14 in Unarmed Combat
  2014 | D        | Reached XP level 13. HP: 98/138 MP: 12/12
  2049 | D        | Received a gift from Trog
  2057 | D        | Received a gift from Trog
  2099 | D        | Arena points: 12309 (+2856) [x17]
  2115 | D        | Round 15.
  2115 | D        | Noticed Agnes
  2134 | D        | Killed Agnes
  2134 | D        | Arena points: 15444 (+3135) [x19]
  2137 | D        | Got a mossy rune of Zot
  2141 | D        | Reached XP level 14. HP: 84/150 MP: 1/13
  2166 | D        | Bought 2 rations for 40 gold pieces
  2166 | D        | Bought 2 rations for 40 gold pieces
  2166 | D        | Bought 2 rations for 40 gold pieces
  2166 | D        | Bought 2 rations for 40 gold pieces
  2166 | D        | Bought 2 rations for 40 gold pieces
  2166 | D        | Bought 2 rations for 40 gold pieces
  2349 | D        | Round 16.
  2373 | D        | Received a gift from Trog
  2393 | D        | Received a gift from Trog
  2474 | D        | Received a gift from Trog
  2474 | D        | Arena points: 18964 (+3520) [x20]
  2496 | D        | Bought 3 potions of experience for 900 gold pieces
  2496 | D        | Bought 3 potions of experience for 900 gold pieces
  2496 | D        | Bought 2 potions of experience for 600 gold pieces
  2496 | D        | Reached skill level 15 in Unarmed Combat
  2496 | D        | Reached XP level 15. HP: 159/159 MP: 14/14
  2497 | D        | Reached skill level 10 in Throwing
  2497 | D        | Reached XP level 16. HP: 169/169 MP: 15/15
  2498 | D        | Reached XP level 17. HP: 176/176 MP: 16/16
  2499 | D        | Reached XP level 18. HP: 185/185 MP: 17/17
  2500 | D        | Reached XP level 19. HP: 193/193 MP: 18/18
  2501 | D        | Reached XP level 20. HP: 202/202 MP: 19/19
  2502 | D        | Reached XP level 21. HP: 210/210 MP: 20/20
  2503 | D        | Reached XP level 22. HP: 221/221 MP: 21/21
  2509 | D        | Round 17.
  2557 | D        | Received a gift from Trog
  2587 | D        | Arena points: 23962 (+4998) [x21]
  2602 | D        | Round 18.
  2607 | D        | Received a gift from Trog
  2607 | D        | Reached skill level 16 in Unarmed Combat
  2669 | D        | Received a gift from Trog
  2727 | D        | Received a gift from Trog
  2735 | D        | Arena points: 29902 (+5940) [x22]
  2777 | D        | Round 19.
  2818 | D        | Received a gift from Trog
  2892 | D        | Reached skill level 17 in Unarmed Combat
  2905 | D        | Received a gift from Trog
  2905 | D        | Received a gift from Trog
  2941 | D        | Received a gift from Trog
  2941 | D        | Arena points: 36457 (+6555) [x23]
  2960 | D        | Round 20.
  2985 | D        | Arena points: 42957 (+6500) [x25]
  2985 | D        | Reached skill level 15 in Fighting
  2985 | D        | Reached skill level 15 in Dodging
  2988 | D        | Got a slimy rune of Zot
  2989 | D        | Reached XP level 23. HP: 74/235 MP: 14/22
  3175 | D        | Round 21.
  3182 | D        | Noticed Nellie
  3217 | D        | Received a gift from Trog
  3222 | D        | Killed Nellie
  3222 | D        | Received a gift from Trog
  3230 | D        | Received a gift from Trog
  3257 | D        | Reached skill level 15 in Throwing
  3260 | D        | Reached skill level 18 in Unarmed Combat
  3269 | D        | Reached skill level 15 in Armour
  3270 | D        | HP: 3/236 [something (18)]
  3273 | D        | Mangled by a reaper

Skill      XL: |  1  2  3  4  5  6  7  8  9 10 11 12 13 14 15 16 17 18 19 20 21 22 23 |
---------------+----------------------------------------------------------------------+-----
Fighting       | 3 4 5 6 7 8 9 10 11 12 13 15 | 15.5
Dodging        | 3 4 5 6 7 8 9 10 11 12 13 15 | 15.5
Unarmed Combat | 4 5 6 7 8 9 10 11 12 13 14 15 17 18 | 18.0
Armour         | 2 4 5 6 7 8 9 10 11 12 14 15 | 15.0
Shields        | 5 6 8 10 11 12 14 | 14.7
Throwing       | 3 5 7 8 9 10 11 14 15 | 15.0

Action                   |  1- 3 |  4- 6 |  7- 9 | 10-12 | 13-15 | 16-18 | 19-21 | 22-24 || total
-------------------------+-------+-------+-------+-------+-------+-------+-------+-------++-------
Melee: Unarmed           |     9 |    25 |    38 |   243 |    86 |       |       |   204 ||   605
       Punch             |     1 |       |     4 |       |       |       |       |       ||     5
Throw: Large rock        |       |       |       |     5 |     8 |       |       |    25 ||    38
Invok: Trog's Hand       |       |     2 |       |     5 |     3 |       |       |    11 ||    21
       Brothers in Arms  |       |       |       |     1 |     1 |       |       |     1 ||     3
       Berserk           |       |       |       |     1 |       |       |       |     2 ||     3
Evoke: Wand              |       |       |     7 |       |       |       |       |       ||     7
  Use: Potion            |       |       |     1 |     8 |     4 |     3 |     3 |     7 ||    26
       Scroll            |       |       |       |     4 |       |       |       |       ||     4
 Stab: Confused          |       |       |     1 |       |       |       |       |       ||     1
  Eat: Chunk             |     3 |     6 |     2 |       |       |       |       |    12 ||    23
       Ration            |       |       |       |     3 |     2 |       |       |     1 ||     6
Armor: Animal skin       |     1 |     4 |       |       |       |       |       |       ||     5
       Skin              |       |       |     3 |     6 |       |       |       |       ||     9
       Gold dragon scale |       |       |       |    83 |    51 |       |       |    46 ||   180
Dodge: Dodged            |     2 |     8 |    13 |    78 |    36 |       |       |    42 ||   179
Block: Shield            |       |       |     5 |   193 |   102 |       |       |   116 ||   416
